 Dungeon Crawl Stone Soup version 0.23.2-33-g5129a83184 (webtiles) character file.

Game seed: 384233588048924529

128 Jaz the Chopper (level 5, -2/45 HPs)
             Began as a Hill Orc Berserker on June 27, 2019.
             Was a Believer of Trog.
             Slain by a gnoll
             ... wielding a +0 flail
              (10 damage)
             ... on level 4 of the Dungeon.
             The game lasted 00:03:32 (2089 turns).

Jaz the Chopper (Hill Orc Berserker)                Turns: 2089, Time: 00:03:32

Health: -2/45      AC:  3    Str: 21    XL:     5   Next: 12%
Magic:  5/5        EV: 12    Int:  7    God:    Trog [**....]
Gold:   155        SH:  0    Dex: 14    Spells: 4/4 levels left

rFire    . . .     SeeInvis .   a - +0 hand axe
rCold    . . .     Gourm    .   (no shield)
rNeg     . . .     Faith    .   b - +0 animal skin
rPois    .         Spirit   .   (no helmet)
rElec    .         Reflect  .   (no cloak)
rCorr    .         Harm     .   f - +0 pair of gloves
MR       .....                  (no boots)
Stlth    +.........             (no amulet)
HPRegen  0.15/turn              r - +4 ring of dexterity
MPRegen  0.09/turn              (no ring)

@: berserk cooldown, slowed, very slow
A: no striking features
a: Berserk, Trog's Hand, Renounce Religion


You were on level 4 of the Dungeon.
You worshipped Trog.
Trog was pleased with you.
You were near starving.

You visited 1 branch of the dungeon, and saw 4 of its levels.

You collected 155 gold pieces.

Inventory:

Hand Weapons
 a - a +0 hand axe (weapon)
Armour
 b - a +0 animal skin (worn)
 f - a +0 pair of gloves (worn)
 s - a +0 leather armour of cold resistance
Jewellery
 r - a +4 ring of dexterity (left hand)
Scrolls
 e - 3 scrolls of remove curse {unknown}
 g - 3 scrolls of fear {unknown}
 i - a scroll of amnesia {unknown}
 j - 2 scrolls of fog {unknown}
 m - 2 scrolls of enchant weapon {unknown}
 o - 2 scrolls of identify {unknown}
 q - a scroll of teleportation {unknown}
Potions
 d - 3 potions of curing
 h - 2 potions of haste {unknown}
 k - a potion of lignification {unknown}
 l - a potion of mutation {unknown}
 n - 2 potions of magic {unknown}
 p - 2 potions of agility {unknown}
Comestibles
 c - 8 rations


   Skills:
 - Level 3.6 Fighting
 + Level 7.5 Axes
 - Level 2.1 Armour
 - Level 1.5 Dodging


You had 4 spell levels left.
You didn't know any spells.
Your spell library was empty.

Dungeon Overview and Level Annotations

Branches:
Dungeon (4/15)
 Temple: D:4-7

Altars:
Ru

Annotations:
D:4 Duvessa, Grinder, Menkaure, Natasha


Message History

* * * LOW HITPOINT WARNING * * *
The gnoll hits you with a +0 flail.
* * * LOW HITPOINT WARNING * * *
Grinder blinks!
A worker ant comes into view.
Found a stone staircase leading up.
The orc closely misses you.
Natasha stares at you and mumbles some strange words.
The magic dart hits you.
* * * LOW HITPOINT WARNING * * *
Menkaure mumbles some strange words.
Menkaure seems to speed up.
Duvessa, Sister of Dowan comes into view.
She is wielding a +0 short sword.
The orc hits you with a +0 mace.
* * * LOW HITPOINT WARNING * * *
It was a potion of curing.
You feel better.
Duvessa shouts!
The worker ant twitches its antennae in your direction.
Grinder blinks!
The orc closely misses you. The gnoll hits you with a +0 flail!
You die...

#... #... .# #...
#.# #... #...
####...#######...
..............#
........g.o...#
.....<.@oM....#
#......5o.#<###
#......oh.#.#
#......ยง..#.#
#.........#o#
#<...........
#.........#.#
#.....ae..#.. ..#


You could see Duvessa, Menkaure, a worker ant, an iron imp, an orc wizard,
Natasha, a gnoll and 3 orcs.

Vanquished Creatures
  An orc wizard (D:2)
  2 gnolls (D:3)
  An adder (D:2)
  An ooze (D:2)
  3 worms (D:2)
  A dart slug (D:1)
  4 leopard geckos
  4 giant cockroaches
  4 goblins
  7 hobgoblins
  4 jackals (D:1)
  8 kobolds
  A quokka (D:2)
  A ball python (D:1)
  8 bats
  5 frilled lizards
  2 rats
57 creatures vanquished.

Notes
Turn   | Place    | Note
-------+----------+-------------------------------------------
     0 | D:1      | Jaz the Hill Orc Berserker began the quest for the Orb.
     0 | D:1      | Reached XP level 1. HP: 19/19 MP: 1/1
   238 | D:1      | Reached XP level 2. HP: 12/26 MP: 2/2
   532 | D:1      | Reached skill level 5 in Axes
   666 | D:1      | You fall through a shaft!
   703 | D:2      | Reached XP level 3. HP: 31/31 MP: 3/3
   940 | D:2      | Found a sacrificial altar of Ru.
   945 | D:2      | Reached skill level 6 in Axes
   945 | D:2      | Reached XP level 4. HP: 39/39 MP: 4/4
  1140 | D:2      | Reached ** piety under Trog
  1611 | D:2      | Reached skill level 7 in Axes
  2072 | D:3      | Reached XP level 5. HP: 33/45 MP: 5/5
  2072 | D:3      | Noticed Grinder
  2084 | D:4      | Noticed Menkaure
  2084 | D:4      | Noticed Natasha
  2088 | D:4      | Noticed Duvessa
  2088 | D:4      | HP: 1/45 [orc/+0 mace (3)]
  2089 | D:4      | Slain by a gnoll

Skill      XL: |  1  2  3  4 |
---------------+-------------+-----
Axes           | 5 6 7 |  7.5
Fighting       | |  3.6
Armour         | |  2.1
Dodging        | |  1.5

Action                   |  1- 3 |  4- 6 || total
-------------------------+-------+-------++-------
Melee: Hand axe          |    78 |   102 ||   180
Invok: Berserk           |     2 |     1 ||     3
  Use: Potion            |       |     1 ||     1
 Stab: Sleeping          |     1 |     1 ||     2
       Paralysed         |       |     1 ||     1
  Eat: Chunk             |     2 |     3 ||     5
Armor: Animal skin       |    19 |    20 ||    39
Dodge: Dodged            |    61 |    69 ||   130
